 Dungeon Crawl Stone Soup version 0.17-a0-1753-g75d4604 (webtiles) character file.

1542 shakdrar the Covered (level 8, -2/52 HPs)
             Began as a Gargoyle Fighter on Sept 2, 2015.
             Was an Initiate of Trog.
             Slain by an orc warrior
             ... wielding a +0 halberd
              (10 damage)
             ... on level 6 of the Dungeon.
             The game lasted 00:19:34 (4745 turns).

shakdrar the Covered (Gargoyle Fighter)             Turns: 4745, Time: 00:19:35

Health: -2/52      AC: 13    Str: 30    XL:     8   Next: 87%
Magic:  8/8        EV:  8    Int: 10    God:    Trog [......]
Gold:   240        SH: 12    Dex: 10    Spells: 0 memorised, 7 levels left

rFire  . . .     SeeInvis .     u - +1 flail (holy)
rCold  . . .     Clarity  .     v - +0 scale mail
rNeg   + . .     SustAt   .     c - +1 shield
rPois  ∞         Gourm    .     (no helmet)
rElec  +         Spirit   .     (no cloak)
rCorr  .         Warding  .     (no gloves)
rMut   .         Stasis   .     (no boots)
MR     .....                    (no amulet)
Stlth  ..........               (no ring)
                                w - +5 ring of strength

@: mighty, not resistant to hostile enchantments, extremely unstealthy
A: negative energy resistance 1, electricity resistance, unbreathing,
petrification resistance, rot immunity, AC +5
a: Burn Spellbooks, Renounce Religion


You were on level 6 of the Dungeon.
You worshipped Trog.
Trog was noncommittal.
You were hungry.

You visited 1 branch of the dungeon, and saw 6 of its levels.

You collected 240 gold pieces.

Inventory:

Hand weapons
 a - a +0 flail
 q - a +2 mace of protection
 u - a +1 flail of holy wrath (weapon)
Missiles
 n - 4 javelins (quivered)
Armour
 c - a +1 shield (worn)
 v - a +0 scale mail (worn)
Jewellery
 w - a +5 ring of strength (left hand)
 y - an uncursed ring of protection from cold {unknown}
Magical devices
 b - a wand of magic darts (34)
Scrolls
 f - 4 scrolls of remove curse
 g - 3 scrolls of identify
 h - 3 scrolls of fear
 i - 4 scrolls of teleportation
 k - a scroll of enchant armour
 l - a scroll of blinking
 p - a scroll of fog
Potions
 d - a potion of magic {unknown}
 j - 2 potions of brilliance
 t - a potion of ambrosia
 x - a potion of cancellation
Books
 o - a book of Dreams

   Spells                             Type                      Level
   a - Ensorcelled Hibernation        Hexes/Ice                    2
   b - Phase Shift                    Translocation                5
   c - Shadow Creatures               Summoning                    5
   d - Silence                        Hexes/Air                    5
   e - Darkness                       Hexes                        6
   f - Mass Confusion                 Hexes                        6
   Trog disapproves of the use of such an item.
Comestibles
 e - 3 bread rations
 m - a meat ration
 s - a slice of pizza
 A - 5 fruits


   Skills:
 + Level 6.4 Fighting
 + Level 5.4 Maces & Flails
 + Level 0.6 Throwing
 + Level 7.3 Armour
 - Level 0.8 Dodging
 + Level 6.5 Shields


You had 7 spell levels left.
You didn't know any spells.

Dungeon Overview and Level Annotations

Branches:
Dungeon (6/15)
 Temple: D:4-7

Altars:
Okawaru
Sif Muna
Trog
Xom


Innate Abilities, Weirdness & Mutations

You are resistant to torment.
Your stone body is resilient (AC +5).
You are immune to poison.
You resist negative energy.
You are resistant to electric shocks.
You can survive without breathing.
You are immune to petrification.
You are immune to rotting.


Message History

You closely miss the orc.
You are feeling hungry.
The orc hits you but does no damage.
Your shield prevents you from hitting the orc.
You block the orc warrior's attack. The orc hits you but does no damage.
You closely miss the orc. You block the orc warrior's attack.
The orc barely misses you.
You thump the orc!
The orc is almost dead.
The orc warrior hits you from afar with a halberd!
* * * LOW HITPOINT WARNING * * *
The orc hits you but does no damage. x2
Your shield and scale mail prevent you from hitting the orc.
The orc is almost dead.
You block the orc warrior's attack. You block the orc's attack.
You sock the orc!
You kill the orc!
Trog accepts your kill.
The orc warrior hits you from afar with a halberd!
You die...

###### #####
#....####...#
#####...>o[.....#
..##....####...#
#.##.#### ###.########
####.##.## #..........#
.........# #.#@#.####.#
#.#..##.## #.#[#.####.#
#.#..#########..o.......#
(....##......#.##..#.##.#
##..###......#.....#.##.#
##..# #......#.##.......#
....# #......#.##.##.##.#
##.## #......#.......##.#
...# ###.#######.......#


You could see an orc warrior.

Vanquished Creatures
  The ghost of emiel the Grappler, an experienced MiTm of Cheibriados (D:5)
  Grinder (D:6)
  Menkaure (D:4)
  A sky beast (D:5)
  2 ogres
  7 wights
  An orc wizard (D:3)
  2 orc priests (D:6)
  2 iguanas
  3 worker ants
  7 adders
  A gnoll (D:1)
  2 oozes (D:6)
  An adder skeleton (D:4)
  4 worms
  A giant gecko (D:2)
  11 orcs
  8 bats
  8 goblins
  10 hobgoblins
  A quokka (D:3)
  3 giant newts
  7 kobolds
  7 rats
92 creatures vanquished.

Vanquished Creatures (others)
  A worker ant (D:4)
1 creature vanquished.

Grand Total: 93 creatures vanquished

Notes
Turn   | Place    | Note
--------------------------------------------------------------
     0 | D:1      | shakdrar the Gargoyle Fighter began the quest for the Orb.
     0 | D:1      | Reached XP level 1. HP: 14/14 MP: 1/1
    31 | D:1      | Reached XP level 2. HP: 8/19 MP: 2/2
   484 | D:1      | Reached XP level 3. HP: 23/23 MP: 3/3
   859 | D:2      | Found a deep blue altar of Sif Muna.
  1069 | D:2      | Reached XP level 4. HP: 24/29 MP: 4/4
  1577 | D:3      | Reached skill level 4 in Fighting
  1577 | D:3      | Reached XP level 5. HP: 21/33 MP: 5/5
  1599 | D:3      | HP: 1/33 [wight/enchanted spear (6)]
  1604 | D:3      | Reached XP level 6. HP: 1/39 MP: 6/6
  1932 | D:3      | Found a faded altar to an unknown god.
  2381 | D:3      | Reached skill level 5 in Shields
  2770 | D:4      | Noticed Menkaure
  2781 | D:4      | Killed Menkaure
  2781 | D:4      | Reached XP level 7. HP: 12/44 MP: 7/7
  3079 | D:4      | Reached skill level 5 in Fighting
  3079 | D:4      | Reached skill level 5 in Armour
  3225 | D:4      | Found a bloodstained altar of Trog.
  3235 | D:4      | Became a worshipper of Trog the Wrathful
  3286 | D:4      | Found a shimmering altar of Xom.
  3368 | D:4      | Found an iron altar of Okawaru.
  3472 | D:5      | Entered Level 5 of the Dungeon
  3704 | D:5      | Noticed emiel's ghost (experienced MiTm)
  3713 | D:5      | Killed emiel's ghost
  3713 | D:5      | Reached XP level 8. HP: 45/51 MP: 8/8
  3849 | D:5      | Reached skill level 6 in Armour
  3855 | D:5      | Reached skill level 5 in Maces & Flails
  4038 | D:6      | Noticed Grinder
  4043 | D:6      | Killed Grinder
  4416 | D:6      | Reached skill level 7 in Armour
  4745 | D:6      | Slain by an orc warrior

Vault maps used:
D:1:      saegor_arrival_simple_e
D:2:      nicolae_overflow_crystal_walls, hangedman_abyss_or_decor_lesser_grid
D:3:      kennysheep_the_goblin_king, ecumenical_altar_1,
          kennysheep_generic_room_12
D:4:      kennysheep_six_static_rooms, overflow_temple_1_default,
          xom_confusion_cloud, trog_three_pillars_becter, uniq_menkaure
D:5:      first_bread, st_stairs_8
D:6:      uniq_grinder

Action                   |  1- 3 |  4- 6 |  7- 9 || total
-------------------------+-------+-------+-------++-------
Melee: Flail             |   129 |   172 |   129 ||   430
Throw: Javelin           |       |     1 |       ||     1
  Use: Scroll            |     5 |     3 |     5 ||    13
       Potion            |     5 |     3 |     5 ||    13
  Eat: Beef jerky        |       |     1 |       ||     1
       Chunk             |       |     1 |       ||     1
       Meat ration       |       |     1 |     1 ||     2
